TOP OF THE 1ST |
Charleston RiverDogs batting - Pitching for Lexington Legends : LHP Butch Ott
|
Pitching: LHP Butch Ott
|
|
Batting: LHB Justin O'Neal
|
0-0: Foul Ball, location: 2F 0-1: Ball 1-1: Ball 2-1: Fly out, F8 (Flyball, 89XD, EV 110.0 MPH)
|
Batting: RHB Iften Olujimi
|
0-0: Foul Ball, location: 2F 0-1: Foul Ball, location: 2F 0-2: Ball 1-2: Ball 2-2: Ground out 4-3 (Groundball, 34D, EV 92.5 MPH)
|
Batting: RHB Francisco Vargas
|
0-0: Ball 1-0: Ball 2-0: Reached on error, E6 (Groundball, 6, EV 78.1 MPH)
|
Batting: RHB Jonathan Iniguez
|
0-0: Called Strike 0-1: Ball Wild Pitch! Francisco Vargas to second 1-1: Ball 2-1: SINGLE (Groundball, 34D, EV 95.0 MPH) Francisco Vargas to third Runner from 3rd tries for Home, SAFE, throw by RF to home
|
Batting: LHB Steve LeGrand
|
0-0: Ball 1-0: SINGLE (Groundball, 6S, EV 70.0 MPH) (infield hit) Jonathan Iniguez to second
|
Batting: RHB Mike Zern
|
0-0: Ball 1-0: Ground out 1-3 (Groundball, 15S, EV 75.0 MPH)
|
Top of the 1st over - 1 run, 2 hits, 1 error, 2 left on base; Charleston 1 - Lexington 0 |
BOTTOM OF THE 1ST |
Lexington Legends batting - Pitching for Charleston RiverDogs : RHP Bobby McDonnell
|
Pitching: RHP Bobby McDonnell
|
|
Batting: LHB Edgar Ortiz
|
0-0: Swinging Strike 0-1: Ball 1-1: Ball 2-1: Swinging Strike 2-2: Ball 3-2: Foul Ball, location: 2F 3-2: Foul Ball, location: 2F 3-2: Foul Ball, location: 2F 3-2: Foul Ball, location: 2F 3-2: Strikes out looking
|
Batting: RHB Nate De Jongh
|
0-0: SINGLE (Line Drive, 56D, EV 106.9 MPH)
|
Batting: RHB Nick Julien
|
0-0: Foul Ball, location: 2F 0-1: Grounds into double play, 5-4-3 (Groundball, 56, EV 91.9 MPH)
|
Bottom of the 1st over - 0 runs, 1 hit, 0 errors, 0 left on base; Charleston 1 - Lexington 0 |
TOP OF THE 2ND |
Charleston RiverDogs batting - Pitching for Lexington Legends : LHP Butch Ott
|
Batting: RHB Nate Singleton
|
0-0: Swinging Strike 0-1: Foul Ball, location: 2F 0-2: Ball 1-2: Fly out, F8 (Flyball, 8LD, EV 89.4 MPH)
|
Batting: RHB Matt Alderson
|
0-0: Called Strike 0-1: Ball 1-1: Swinging Strike 1-2: Foul Ball, location: 2F 1-2: Strikes out looking
|
Batting: RHB Louwe Starmans
|
0-0: Ball 1-0: Swinging Strike 1-1: Swinging Strike 1-2: Ball 2-2: Strikes out swinging
|
Top of the 2nd over - 0 runs, 0 hits, 0 errors, 0 left on base; Charleston 1 - Lexington 0 |
BOTTOM OF THE 2ND |
Lexington Legends batting - Pitching for Charleston RiverDogs : RHP Bobby McDonnell
|
Batting: LHB Pablo Serrato
|
0-0: Ball 1-0: Swinging Strike 1-1: Ball 2-1: Foul Ball, location: 2F 2-2: Strikes out swinging
|
Batting: RHB Jesus Malave
|
0-0: Ball 1-0: Foul Ball, location: 2F 1-1: Swinging Strike 1-2: Ball 2-2: Strikes out swinging
|
Batting: SHB Bill Ertl
|
0-0: Fly out, F7 (Flyball, 7D, EV 100.0 MPH)
|
Bottom of the 2nd over - 0 runs, 0 hits, 0 errors, 0 left on base; Charleston 1 - Lexington 0 |
TOP OF THE 3RD |
Charleston RiverDogs batting - Pitching for Lexington Legends : LHP Butch Ott
|
Batting: LHB Justin O'Neal
|
0-0: Swinging Strike 0-1: Hit by Pitch
|
Batting: RHB Iften Olujimi
|
0-0: Swinging Strike 0-1: Foul Ball, location: 2F 0-2: Strikes out swinging
|
Batting: RHB Francisco Vargas
|
0-0: SINGLE (Groundball, 6D, EV 98.8 MPH) Justin O'Neal to second
|
Batting: RHB Jonathan Iniguez
|
0-0: Hit by Pitch Justin O'Neal to third Francisco Vargas to second
|
Batting: LHB Steve LeGrand
|
0-0: Fielders Choice at 2nd, 5-4 (Groundball, 5, EV 86.9 MPH) Justin O'Neal scores Francisco Vargas to third
|
Batting: RHB Mike Zern
|
0-0: Ball 1-0: Called Strike 1-1: SINGLE (Flyball, 34D, EV 91.9 MPH) Francisco Vargas scores Steve LeGrand to second Runner from 2nd tries for 3rd, SAFE, throw by RF made to third
|
Pitching: RHP Gary Ackerman
|
|
Batting: RHB Nate Singleton
|
0-0: Foul Ball, location: 2F 0-1: Ball 1-1: Swinging Strike 1-2: Ball 2-2: Foul Ball, location: 2F 2-2: Ball 3-2: Strikes out swinging
|
Top of the 3rd over - 2 runs, 2 hits, 0 errors, 2 left on base; Charleston 3 - Lexington 0 |
BOTTOM OF THE 3RD |
Lexington Legends batting - Pitching for Charleston RiverDogs : RHP Bobby McDonnell
|
Batting: RHB Phil Hamby
|
0-0: Called Strike 0-1: Foul Ball, location: 2F 0-2: SINGLE (Line Drive, 6M, EV 110.0 MPH)
|
Batting: RHB Pat McCoy
|
0-0: Foul Ball, location: 2F 0-1: Ball 1-1: Swinging Strike 1-2: Ball 2-2: Strikes out swinging
|
Batting: RHB Justin Goff
|
0-0: Called Strike Phil Hamby is caught stealing 2nd base 2-4 0-1: Ball 1-1: Ball 2-1: Called Strike 2-2: Ball 3-2: Ground out U3 (Groundball, 34S, EV 83.8 MPH)
|
Bottom of the 3rd over - 0 runs, 1 hit, 0 errors, 0 left on base; Charleston 3 - Lexington 0 |
TOP OF THE 4TH |
Charleston RiverDogs batting - Pitching for Lexington Legends : RHP Gary Ackerman
|
Batting: RHB Matt Alderson
|
0-0: Ball 1-0: Called Strike 1-1: Ball 2-1: Foul Ball, location: 2F 2-2: Strikes out swinging
|
Batting: RHB Louwe Starmans
|
0-0: Ball 1-0: SINGLE (Groundball, 6D, EV 98.1 MPH)
|
Batting: LHB Justin O'Neal
|
0-0: Called Strike 0-1: Foul Ball, location: 2F 0-2: Ball 1-2: Strikes out looking
|
Batting: RHB Iften Olujimi
|
0-0: Ball 1-0: Ball 2-0: Ball 3-0: Base on Balls Louwe Starmans to second
|
Batting: RHB Francisco Vargas
|
0-0: Ball 1-0: Ball 2-0: Called Strike 2-1: Ball 3-1: Foul Ball, location: 2F 3-2: Ground out U3 (Groundball, 23, EV 83.8 MPH)
|
Top of the 4th over - 0 runs, 1 hit, 0 errors, 2 left on base; Charleston 3 - Lexington 0 |
BOTTOM OF THE 4TH |
Lexington Legends batting - Pitching for Charleston RiverDogs : RHP Bobby McDonnell
|
Batting: LHB Edgar Ortiz
|
0-0: Ball 1-0: Called Strike 1-1: Swinging Strike 1-2: Ball 2-2: Ground out 6-3 (Groundball, 6, EV 85.6 MPH)
|
Batting: RHB Nate De Jongh
|
0-0: Ball 1-0: Foul Ball, location: 2F 1-1: SINGLE (Groundball, 3D, EV 96.9 MPH)
|
Batting: RHB Nick Julien
|
0-0: Ball 1-0: Swinging Strike 1-1: Swinging Strike 1-2: Strikes out swinging
|
Batting: LHB Pablo Serrato
|
0-0: Ball 1-0: Foul Ball, location: 2F 1-1: Ball 2-1: SINGLE (Flyball, 89S, EV 87.5 MPH) Nate De Jongh to second Runner from 2nd tries for 3rd, SAFE, throw by RF made to third
|
Batting: RHB Jesus Malave
|
0-0: Swinging Strike 0-1: Foul Ball, location: 2F 0-2: Ball 1-2: Ball 2-2: Strikes out looking
|
Bottom of the 4th over - 0 runs, 2 hits, 0 errors, 2 left on base; Charleston 3 - Lexington 0 |
TOP OF THE 5TH |
Charleston RiverDogs batting - Pitching for Lexington Legends : RHP Gary Ackerman
|
Batting: RHB Jonathan Iniguez
|
0-0: Ground out 6-3 (Groundball, 6, EV 78.8 MPH)
|
Batting: LHB Steve LeGrand
|
0-0: Ball 1-0: Foul Ball, location: 2F 1-1: Ball 2-1: Called Strike 2-2: SINGLE (Line Drive, 4M, EV 105.6 MPH)
|
Pitching: LHP Tyler Abraham
|
|
Batting: RHB Mike Zern
|
0-0: Called Strike 0-1: Called Strike 0-2: Strikes out swinging Steve LeGrand steals 2nd, throwing error, E2 Steve LeGrand to third
|
Batting: RHB Nate Singleton
|
0-0: Called Strike 0-1: Ball 1-1: Ball 2-1: Called Strike 2-2: Ball 3-2: Strikes out swinging
|
Top of the 5th over - 0 runs, 1 hit, 1 error, 1 left on base; Charleston 3 - Lexington 0 |
BOTTOM OF THE 5TH |
Lexington Legends batting - Pitching for Charleston RiverDogs : RHP Bobby McDonnell
|
Batting: SHB Bill Ertl
|
0-0: Called Strike 0-1: Ball 1-1: Ball 2-1: Called Strike 2-2: Ball 3-2: Foul Ball, location: 2F 3-2: Foul Ball, location: 2F 3-2: Base on Balls
|
Batting: RHB Phil Hamby
|
0-0: Called Strike 0-1: Ball 1-1: Swinging Strike 1-2: Strikes out swinging
|
Batting: RHB Pat McCoy
|
0-0: Ground out 6-3 (Groundball, P, EV 88.1 MPH) Bill Ertl to second
|
Batting: RHB Justin Goff
|
0-0: Ball 1-0: Foul Ball, location: 2F 1-1: Fly out, F9 (Flyball, 89D, EV 73.1 MPH)
|
Bottom of the 5th over - 0 runs, 0 hits, 0 errors, 1 left on base; Charleston 3 - Lexington 0 |
TOP OF THE 6TH |
Charleston RiverDogs batting - Pitching for Lexington Legends : LHP Tyler Abraham
|
Batting: RHB Matt Alderson
|
0-0: Foul Ball, location: 2F 0-1: Ball 1-1: Swinging Strike 1-2: Ball 2-2: Foul Ball, location: 2F 2-2: Foul Ball, location: 2F 2-2: Strikes out swinging
|
Batting: RHB Louwe Starmans
|
0-0: Ball 1-0: Called Strike 1-1: Foul Ball, location: 2F 1-2: SOLO HOME RUN (Flyball, 7LD, EV 93.8 MPH), Distance : 344 ft
|
Batting: LHB Justin O'Neal
|
0-0: Called Strike 0-1: Ball 1-1: Foul Ball, location: 2F 1-2: Ball 2-2: Strikes out swinging
|
Batting: RHB Iften Olujimi
|
0-0: Ball 1-0: Foul Ball, location: 2F 1-1: Ball 2-1: Swinging Strike 2-2: Foul Ball, location: 2F 2-2: Ball 3-2: DOUBLE (Line Drive, 8LXD, EV 106.9 MPH)
|
Pitching: RHP Kolenka Leschenya
|
|
Batting: RHB Francisco Vargas
|
0-0: Ground out 6-3 (Groundball, 6, EV 105.0 MPH)
|
Top of the 6th over - 1 run, 2 hits, 0 errors, 1 left on base; Charleston 4 - Lexington 0 |
BOTTOM OF THE 6TH |
Lexington Legends batting - Pitching for Charleston RiverDogs : RHP Bobby McDonnell
|
Batting: LHB Edgar Ortiz
|
0-0: Swinging Strike 0-1: Called Strike 0-2: Ball 1-2: Ball 2-2: Ball 3-2: Base on Balls
|
Batting: RHB Nate De Jongh
|
0-0: Ball Edgar Ortiz steals 2nd base 1-0: Reached on error, E4 (Groundball, 4, EV 88.8 MPH) Edgar Ortiz to third
|
Batting: RHB Nick Julien
|
0-0: Called Strike Nate De Jongh is caught stealing 2nd base 2-4 0-1: Called Strike 0-2: Fly out, F7 (Line Drive, 7, EV 96.2 MPH) Runner from 3rd tags up, SCORES, throw by LF
|
Batting: LHB Pablo Serrato
|
0-0: Ball 1-0: Called Strike 1-1: Swinging Strike 1-2: Foul Ball, location: 2F 1-2: Ball 2-2: Ball 3-2: SINGLE (Line Drive, 6MD, EV 112.5 MPH)
|
Pitching: LHP Cory Musial
|
|
Batting: RHB Jesus Malave
|
0-0: Called Strike 0-1: Foul Ball, location: 2F 0-2: Ball 1-2: Ball 2-2: SINGLE (Flyball, 56D, EV 97.5 MPH) Pablo Serrato to second
|
Batting: SHB Bill Ertl
|
0-0: Called Strike 0-1: Hit by Pitch Pablo Serrato to third Jesus Malave to second
|
Batting: RHB Phil Hamby
|
0-0: Fly out, F7 (Line Drive, 7LM, EV 102.5 MPH)
|
Bottom of the 6th over - 1 run, 2 hits, 1 error, 3 left on base; Charleston 4 - Lexington 1 |
TOP OF THE 7TH |
Charleston RiverDogs batting - Pitching for Lexington Legends : RHP Kolenka Leschenya
|
Batting: RHB Jonathan Iniguez
|
0-0: Ground out 4-3 (Groundball, 4, EV 88.1 MPH)
|
Batting: LHB Steve LeGrand
|
0-0: Ball 1-0: SINGLE (Line Drive, 78S, EV 98.8 MPH)
|
Batting: RHB Mike Zern
|
0-0: DOUBLE (Line Drive, 9LS, EV 108.8 MPH) Steve LeGrand to third Runner from 3rd tries for Home, SAFE, throw by RF to home
|
Batting: RHB Nate Singleton
|
0-0: Called Strike 0-1: Foul Ball, location: 2F 0-2: Ball 1-2: Ground out 4-3 (Groundball, 4, EV 105.6 MPH) Mike Zern to third
|
Batting: RHB Matt Alderson
|
0-0: Called Strike 0-1: Ball 1-1: Swinging Strike 1-2: Strikes out looking
|
Top of the 7th over - 1 run, 2 hits, 0 errors, 1 left on base; Charleston 5 - Lexington 1 |
BOTTOM OF THE 7TH |
Lexington Legends batting - Pitching for Charleston RiverDogs : LHP Cory Musial
|
Batting: RHB Pat McCoy
|
0-0: Foul Ball, location: 2F 0-1: Fly out, F7 (Flyball, 78S, EV 92.5 MPH)
|
Batting: RHB Justin Goff
|
0-0: Ball 1-0: Called Strike 1-1: Called Strike 1-2: Ball 2-2: Hit by Pitch
|
Batting: LHB Edgar Ortiz
|
0-0: Ball 1-0: Swinging Strike 1-1: Ball 2-1: Swinging Strike 2-2: Strikes out looking
|
Batting: RHB Nate De Jongh
|
0-0: SINGLE (Groundball, 34D, EV 106.2 MPH) Justin Goff to second Runner from 2nd tries for 3rd, SAFE, throw by RF made to third Nate De Jongh to second
|
Batting: RHB Nick Julien
|
0-0: Foul Ball, location: 2F 0-1: Ball 1-1: Ball 2-1: Ball 3-1: Base on Balls
|
Batting: LHB Pablo Serrato
|
0-0: Ball 1-0: Called Strike 1-1: Foul Ball, location: 2F 1-2: Foul Ball, location: 2F 1-2: Ball 2-2: SINGLE (Groundball, 34, EV 100.6 MPH) Justin Goff scores Nate De Jongh to third Nick Julien to second Runner from 3rd tries for Home, SAFE, throw by RF to home
|
Pinch Runner at 2nd Jon Shonka:
|
|
Batting: RHB Jesus Malave
|
0-0: Fly out, F8 (Line Drive, 8LM, EV 103.1 MPH)
|
Bottom of the 7th over - 2 runs, 2 hits, 0 errors, 2 left on base; Charleston 5 - Lexington 3 |
TOP OF THE 8TH |
Charleston RiverDogs batting - Pitching for Lexington Legends : RHP Kolenka Leschenya
|
Pitching: RHP Phil Kellum
|
|
Now at 1B: Jon Shonka
|
|
Now at 3B: Nate De Jongh
|
|
Now at SS: Bill Ertl
|
|
Batting: RHB Louwe Starmans
|
0-0: Called Strike 0-1: Ball 1-1: Called Strike 1-2: Ball 2-2: Ball 3-2: Strikes out swinging
|
Batting: LHB Justin O'Neal
|
0-0: Called Strike 0-1: Ball 1-1: Swinging Strike 1-2: Strikes out swinging
|
Batting: RHB Iften Olujimi
|
0-0: Swinging Strike 0-1: Foul Ball, location: 2F 0-2: Strikes out swinging
|
Top of the 8th over - 0 runs, 0 hits, 0 errors, 0 left on base; Charleston 5 - Lexington 3 |
BOTTOM OF THE 8TH |
Lexington Legends batting - Pitching for Charleston RiverDogs : LHP Cory Musial
|
Pitching: RHP Khayyat bin Faruq
|
|
Batting: SHB Bill Ertl
|
0-0: Called Strike 0-1: Called Strike 0-2: DOUBLE (Flyball, 8LXD, EV 102.5 MPH)
|
Batting: RHB Phil Hamby
|
0-0: Ball 1-0: Called Strike 1-1: Ball 2-1: Ball 3-1: Ground out 6-3 (Groundball, 6, EV 86.2 MPH)
|
Batting: RHB Pat McCoy
|
0-0: Swinging Strike 0-1: Ball 1-1: Ball 2-1: Foul Ball, location: 2F 2-2: Foul Ball, location: 2F 2-2: Ground out 4-3 (Groundball, 4, EV 82.5 MPH) Bill Ertl to third
|
Batting: RHB Justin Goff
|
0-0: Called Strike 0-1: Called Strike 0-2: Strikes out swinging
|
Bottom of the 8th over - 0 runs, 1 hit, 0 errors, 1 left on base; Charleston 5 - Lexington 3 |
TOP OF THE 9TH |
Charleston RiverDogs batting - Pitching for Lexington Legends : RHP Phil Kellum
|
Pitching: RHP Ryan Crump
|
|
Pinch Hitting: LHB Dale Anderson
|
0-0: Ball 1-0: Called Strike 1-1: Called Strike 1-2: Strikes out swinging
|
Batting: RHB Jonathan Iniguez
|
0-0: Called Strike 0-1: Ball 1-1: Ball 2-1: Foul Ball, location: 2F 2-2: Strikes out swinging
|
Batting: LHB Steve LeGrand
|
0-0: Foul Ball, location: 2F 0-1: Ground out U3 (Groundball, 3L, EV 88.1 MPH)
|
Top of the 9th over - 0 runs, 0 hits, 0 errors, 0 left on base; Charleston 5 - Lexington 3 |
BOTTOM OF THE 9TH |
Lexington Legends batting - Pitching for Charleston RiverDogs : RHP Khayyat bin Faruq
|
Now in RF: Marc Durgin
|
|
Batting: LHB Edgar Ortiz
|
0-0: Ball 1-0: Ball 2-0: Called Strike 2-1: Ball 3-1: Base on Balls
|
Batting: RHB Nate De Jongh
|
0-0: Ball 1-0: Foul Ball, location: 2F 1-1: Foul Ball, location: 2F 1-2: Fielders Choice at 2nd, 4-6 (Groundball, 34D, EV 80.6 MPH)
|
Pinch Hitting: LHB Mike Bhatti
|
0-0: Ball 1-0: Swinging Strike 1-1: Ball 2-1: Swinging Strike 2-2: Foul Ball, location: 2F 2-2: Grounds into double play, 4-6-3 (Groundball, 34, EV 83.8 MPH)
|
Bottom of the 9th over - 0 runs, 0 hits, 0 errors, 0 left on base; Charleston 5 - Lexington 3 |
|